 Dungeon Crawl Stone Soup version 0.28.0 (webtiles) character file.

Game seed: 13788970309529950838

32 Hasart the Skirmisher (level 2, -2/26 HPs)
             Began as a Demigod Fighter on Feb 14, 2022.
             Slain by Natasha (6 damage)
             ... on level 2 of the Dungeon.
             The game lasted 00:01:14 (1177 turns).

Hasart the Skirmisher (Demigod Fighter)             Turns: 1177, Time: 00:01:14

Health: -2/26      AC:  6    Str: 17    XL:     2   Next: 96%
Magic:  4/4        EV:  9    Int: 10    God:
Gold:   68         SH:  4    Dex: 13    Spells: 1/1 levels left

rFire   . . .      SeeInvis .   a - +0 long sword
rCold   . . .      Faith    .   c - +0 buckler
rNeg    . . .      Spirit   .   b - +0 scale mail
rPois   .          Reflect  .   (no helmet)
rElec   .          Harm     .   (no cloak)
rCorr   .          Rampage  .   (no gloves)
Will    .....                   (no boots)
Stlth   ..........              (no amulet)
HPRegen 0.08/turn               (no ring)
MPRegen 0.09/turn               (no ring)

@: no status effects
A: high MP 1, forlorn, divine attributes
a: no special abilities


You were on level 2 of the Dungeon.
You visited 1 branch of the dungeon, and saw 2 of its levels.

You collected 68 gold pieces.

Inventory:

Hand Weapons
 a - a +0 long sword (weapon)
Missiles
 i - 2 silver boomerangs (quivered)
Armour
 b - a +0 scale mail (worn)
 c - a +0 buckler (worn)
Jewellery
 h - a +6 ring of strength
Scrolls
 g - a scroll of immolation {unknown}
Potions
 d - a potion of might
 e - a potion of brilliance {unknown}
 f - a potion of curing {unknown}


   Skills:
 + Level 3.0 Fighting
 * Level 2.3 Long Blades
 + Level 0.2 Throwing
 + Level 2.9 Armour
 + Level 0.2 Dodging
 + Level 2.9 Shields


You had one spell level left.
You didn't know any spells.
Your spell library was empty.

Dungeon Overview and Level Annotations

Branches:
Dungeon (2/15)

Annotations:
D:2 Natasha


Innate Abilities, Weirdness & Mutations

You have an increased reservoir of magic. (+10% MP)
You shall have no god before yourself.
Your divine heritage dramatically boosts your attributes as you level up.


Message History

The crimson imp hits you. The crimson imp closely misses you.
You closely miss the crimson imp.
The crimson imp is heavily wounded.
The crimson imp blinks!
Natasha casts a spell at you.
The magic dart hits you but does no damage.
You closely miss Natasha.
Natasha howls an incantation.
You feel troubled. Natasha claws you but does no damage.
You barely miss Natasha.
The crimson imp blinks!
Natasha claws you!
You miss Natasha. You block Natasha's attack. x2
You barely miss Natasha. Natasha barely misses you.
You closely miss Natasha. Natasha barely misses you.
The crimson imp grins evilly.
The crimson imp blinks!
You hit Natasha.
Natasha is moderately wounded.
Natasha claws you. Natasha casts a spell at you. The magic dart hits you.
You barely miss Natasha.
Natasha is moderately wounded.
Natasha growls.
Natasha closely misses you.
You barely miss Natasha.
Natasha is moderately wounded.
The crimson imp hits you. Natasha claws you.
* * * LOW HITPOINT WARNING * * *
The crimson imp barely misses you.
You closely miss Natasha.
Natasha is moderately wounded.
The crimson imp disappears in a puff of smoke!
Natasha claws you.
* * * LOW HITPOINT WARNING * * *
Natasha claws you but does no damage.
You hit Natasha.
Natasha is heavily wounded.
Natasha claws you.
You die...

...###....#...#...
###......###...#.##
####.#.###.... #
#.#.......##
###.#..######
...###.......#
.......#.###..#
..####..# #..#
#@...## #.# #h####
... #......# ###
#.....#... ......#
#### ...... ###...
###


You could see Natasha.

Vanquished Creatures
  A dart slug (D:1)
  2 ball pythons (D:1)
  3 bats (D:1)
  2 endoplasms
  A giant cockroach (D:1)
  2 goblins (D:1)
  3 hobgoblins (D:1)
  4 jackals (D:1)
  3 quokkas
  A frilled lizard (D:1)
  A kobold (D:1)
  3 rats (D:1)
26 creatures vanquished.

Notes
Turn   | Place    | Note
-------+----------+-------------------------------------------
     0 | D:1      | Hasart the Demigod Fighter began the quest for the Orb.
     0 | D:1      | Reached XP level 1. HP: 18/18 MP: 3/3
   468 | D:1      | Reached XP level 2. HP: 25/25 MP: 4/4
  1117 | D:2      | Reached skill level 3 in Fighting
  1159 | D:2      | Noticed Natasha
  1177 | D:2      | Slain by Natasha

Illustrated notes

Levels and vault maps discovered:
D:1:      erik_arrival_cave_to_civilisation [erik_arrival_cave_to_hall],
          layout_basic, hellmonk_ecumenical_altar_inner_sanctum,
          minmay_misc_feat_plants
D:2:      layout_rooms, uniq_jessica, uniq_natasha

Skill      XL: |  1  2 |
---------------+-------+-----
Long Blades    | 2 |  2.3
Fighting       | 3 |  3.0
Throwing       | |  0.2
Armour         | |  2.9
Dodging        | |  0.2
Shields        | |  2.9

Action                   || total
-------------------------++-------
Melee: Long sword        ||   105
Armor: Scale mail        ||    44
Dodge: Dodged            ||    47
Block: Buckler           ||    28
